TOP OF THE 1ST |
Ellesmere Island Snowpeople batting - Pitching for Montgomery Biscuits : RHP George Atwater
|
Pitching: RHP George Atwater
|
|
Batting: RHB Red Greene
|
0-0: Ground out 3-1 (Groundball, 34, EV 106.9 MPH)
|
Batting: SHB Clive Edney
|
0-0: Swinging Strike 0-1: Ball 1-1: Ball 2-1: Ball 3-1: Swinging Strike 3-2: Ground out U3 (Groundball, 3D, EV 86.9 MPH)
|
Batting: RHB Donald White
|
0-0: Ball 1-0: Foul Ball, location: 2F 1-1: Fly out, F4 (Popup, 23, EV 82.5 MPH)
|
Top of the 1st over - 0 runs, 0 hits, 0 errors, 0 left on base; Ellesmere Island 0 - Montgomery 0 |
BOTTOM OF THE 1ST |
Montgomery Biscuits batting - Pitching for Ellesmere Island Snowpeople : RHP Edgardo Moncivas
|
Pitching: RHP Edgardo Moncivas
|
|
Batting: RHB Chiel Spronck
|
0-0: Called Strike 0-1: Foul Ball, location: 2F 0-2: Ball 1-2: Foul Ball, location: 2F 1-2: Ball 2-2: Ball 3-2: Base on Balls
|
Batting: RHB Bob Clark
|
0-0: Ball 1-0: Ball 2-0: Ball 3-0: Base on Balls Chiel Spronck to second
|
Batting: LHB Juan Martínez
|
0-0: Called Strike 0-1: Foul Ball, location: 2F 0-2: Foul Ball, location: 2F 0-2: Ball 1-2: Ball 2-2: Foul Ball, location: 2F 2-2: Ball 3-2: Grounds into double play, 3-6-3 (Groundball, 3, EV 87.5 MPH) Chiel Spronck to third
|
Batting: RHB Ming-an Yin
|
0-0: Ball 1-0: SINGLE (Flyball, 3D, EV 86.9 MPH) Chiel Spronck scores
|
Batting: LHB Pedro Delava
|
0-0: Ball 1-0: Ball 2-0: Foul Ball, location: 2F 2-1: Ground out 4-3 (Groundball, 34, EV 85.0 MPH)
|
Bottom of the 1st over - 1 run, 1 hit, 0 errors, 1 left on base; Ellesmere Island 0 - Montgomery 1 |
TOP OF THE 2ND |
Ellesmere Island Snowpeople batting - Pitching for Montgomery Biscuits : RHP George Atwater
|
Batting: RHB Ramón Rodríguez
|
0-0: Foul Ball, location: 2F 0-1: Ball 1-1: Ball 2-1: Foul Ball, location: 2F 2-2: Ball 3-2: Fly out, F4 (Popup, 13S, EV 80.0 MPH)
|
Batting: LHB James Moya
|
0-0: Called Strike 0-1: Ball 1-1: Ball 2-1: Ball 3-1: Base on Balls
|
Batting: RHB Ron Jackson
|
0-0: Called Strike James Moya is caught stealing 2nd base 2-4 0-1: Ball 1-1: Ball 2-1: Ground out U3 (Groundball, 3, EV 107.5 MPH)
|
Top of the 2nd over - 0 runs, 0 hits, 0 errors, 0 left on base; Ellesmere Island 0 - Montgomery 1 |
BOTTOM OF THE 2ND |
Montgomery Biscuits batting - Pitching for Ellesmere Island Snowpeople : RHP Edgardo Moncivas
|
Batting: RHB Chad Holland
|
0-0: Called Strike 0-1: Foul Ball, location: 2F 0-2: Ball 1-2: Ball 2-2: Strikes out swinging
|
Batting: RHB Michael Hawk
|
0-0: Called Strike 0-1: Ball 1-1: Foul Ball, location: 2F 1-2: Ball 2-2: Foul Ball, location: 2F 2-2: Foul Ball, location: 2F 2-2: Fly out, F8 (Flyball, 8RS, EV 89.4 MPH)
|
Batting: RHB Albert Monday
|
0-0: Fly out, F8 (Flyball, 8LD, EV 95.6 MPH)
|
Bottom of the 2nd over - 0 runs, 0 hits, 0 errors, 0 left on base; Ellesmere Island 0 - Montgomery 1 |
TOP OF THE 3RD |
Ellesmere Island Snowpeople batting - Pitching for Montgomery Biscuits : RHP George Atwater
|
Batting: RHB Frank Steeneveld
|
0-0: Fly out, F8 (Line Drive, 8LM, EV 96.2 MPH)
|
Batting: RHB Ramón Rodríguez
|
0-0: SINGLE (Flyball, 78S, EV 96.2 MPH)
|
Batting: RHB Howard Moore
|
0-0: Ball 1-0: Swinging Strike 1-1: Grounds into double play, 1-4-3 (Groundball, P, EV 67.5 MPH)
|
Top of the 3rd over - 0 runs, 1 hit, 0 errors, 0 left on base; Ellesmere Island 0 - Montgomery 1 |
BOTTOM OF THE 3RD |
Montgomery Biscuits batting - Pitching for Ellesmere Island Snowpeople : RHP Edgardo Moncivas
|
Batting: RHB José Labandeira
|
0-0: Called Strike 0-1: Swinging Strike 0-2: Strikes out swinging
|
Batting: RHB Chiel Spronck
|
0-0: Ball 1-0: Foul Ball, location: 2F 1-1: Called Strike 1-2: Foul Ball, location: 2F 1-2: Strikes out swinging
|
Batting: RHB Bob Clark
|
0-0: Called Strike 0-1: Ball 1-1: Ground out 6-3 (Groundball, 6M, EV 108.1 MPH)
|
Bottom of the 3rd over - 0 runs, 0 hits, 0 errors, 0 left on base; Ellesmere Island 0 - Montgomery 1 |
TOP OF THE 4TH |
Ellesmere Island Snowpeople batting - Pitching for Montgomery Biscuits : RHP George Atwater
|
Batting: RHB Red Greene
|
0-0: Bunt for hit to 15S - play at first, batter OUT! 1-3
|
Batting: SHB Clive Edney
|
0-0: Ball 1-0: Ball 2-0: Called Strike 2-1: Ball 3-1: Called Strike 3-2: Strikes out swinging
|
Batting: RHB Donald White
|
0-0: Ball 1-0: Foul Ball, location: 2F 1-1: SINGLE (Line Drive, 56D, EV 96.2 MPH)
|
Batting: RHB Ramón Rodríguez
|
0-0: Ball Donald White is caught stealing 2nd base 2-4
|
Top of the 4th over - 0 runs, 1 hit, 0 errors, 0 left on base; Ellesmere Island 0 - Montgomery 1 |
BOTTOM OF THE 4TH |
Montgomery Biscuits batting - Pitching for Ellesmere Island Snowpeople : RHP Edgardo Moncivas
|
Batting: LHB Juan Martínez
|
0-0: Foul Ball, location: 2F 0-1: Swinging Strike 0-2: Ball 1-2: Foul Ball, location: 2F 1-2: Ball 2-2: Strikes out swinging
|
Batting: RHB Ming-an Yin
|
0-0: Ball 1-0: Ground out 5-3 (Groundball, 5, EV 78.1 MPH)
|
Batting: LHB Pedro Delava
|
0-0: Called Strike 0-1: Swinging Strike 0-2: Ball 1-2: Ball 2-2: Ball 3-2: SINGLE (Groundball, 56D, EV 104.4 MPH)
|
Batting: RHB Chad Holland
|
0-0: Fly out, F8 (Line Drive, 8LM, EV 98.1 MPH)
|
Bottom of the 4th over - 0 runs, 1 hit, 0 errors, 1 left on base; Ellesmere Island 0 - Montgomery 1 |
TOP OF THE 5TH |
Ellesmere Island Snowpeople batting - Pitching for Montgomery Biscuits : RHP George Atwater
|
Batting: RHB Ramón Rodríguez
|
0-0: Fly out, F7 (Line Drive, 7S, EV 99.4 MPH)
|
Batting: LHB James Moya
|
0-0: Ground out 1-3 (Groundball, 34S, EV 82.5 MPH)
|
Batting: RHB Ron Jackson
|
0-0: Ball 1-0: Fly out, F8 (Line Drive, 8LD, EV 83.8 MPH)
|
Top of the 5th over - 0 runs, 0 hits, 0 errors, 0 left on base; Ellesmere Island 0 - Montgomery 1 |
BOTTOM OF THE 5TH |
Montgomery Biscuits batting - Pitching for Ellesmere Island Snowpeople : RHP Edgardo Moncivas
|
Batting: RHB Michael Hawk
|
0-0: Ball 1-0: Swinging Strike 1-1: Foul Ball, location: 2F 1-2: Strikes out swinging
|
Batting: RHB Albert Monday
|
0-0: Ball 1-0: Fly out, F9 (Flyball, 9S, EV 91.9 MPH)
|
Batting: RHB José Labandeira
|
0-0: Foul Ball, location: 2F 0-1: Called Strike 0-2: Ball 1-2: Foul Ball, location: 2F 1-2: Ball 2-2: SINGLE (Groundball, 4MD, EV 106.9 MPH)
|
Batting: RHB Chiel Spronck
|
0-0: Called Strike 0-1: DOUBLE (Line Drive, 9LM, EV 101.9 MPH) José Labandeira to third Runner from 3rd tries for Home, SAFE, throw by RF to home
|
Batting: RHB Bob Clark
|
0-0: Ball Passed Ball! Chiel Spronck to third 1-0: SINGLE (Groundball, 4MD, EV 100.6 MPH) Chiel Spronck scores
|
Batting: LHB Juan Martínez
|
0-0: Ball 1-0: Called Strike 1-1: Swinging Strike 1-2: Strikes out swinging
|
Bottom of the 5th over - 2 runs, 3 hits, 0 errors, 1 left on base; Ellesmere Island 0 - Montgomery 3 |
TOP OF THE 6TH |
Ellesmere Island Snowpeople batting - Pitching for Montgomery Biscuits : RHP George Atwater
|
Batting: RHB Frank Steeneveld
|
0-0: Foul Ball, location: 2F 0-1: Swinging Strike 0-2: Ball 1-2: Foul Ball, location: 2F 1-2: Foul Ball, location: 2F 1-2: Foul Ball, location: 2F 1-2: SINGLE (Line Drive, 4MD, EV 95.0 MPH)
|
Batting: RHB Ramón Rodríguez
|
0-0: Ball 1-0: Foul Ball, location: 2F 1-1: Foul Ball, location: 2F 1-2: SINGLE (Line Drive, 34D, EV 96.9 MPH) Frank Steeneveld to second
|
Batting: RHB Howard Moore
|
0-0: Ball 1-0: SINGLE (Line Drive, 8RS, EV 95.0 MPH) Frank Steeneveld to third Ramón Rodríguez to second
|
Batting: RHB Red Greene
|
0-0: Ball 1-0: Ball 2-0: Foul Ball, location: 2F 2-1: Foul Ball, location: 2F 2-2: Foul Ball, location: 2F 2-2: Grounds into fielders choice 4-2 (Groundball, 4M, EV 83.1 MPH) Ramón Rodríguez to third Howard Moore to second
|
Batting: SHB Clive Edney
|
0-0: Foul Ball, location: 2F 0-1: Foul Ball, location: 2F 0-2: Ball 1-2: Foul Ball, location: 2F 1-2: Foul Ball, location: 2F 1-2: Ball 2-2: Strikes out swinging
|
Batting: RHB Donald White
|
0-0: Ball 1-0: Hit by Pitch Ramón Rodríguez scores Howard Moore to third Red Greene to second
|
Batting: RHB Ramón Rodríguez
|
0-0: Foul Ball, location: 2F 0-1: Called Strike 0-2: Ball 1-2: DOUBLE (Line Drive, 9LM, EV 105.6 MPH) Howard Moore scores Red Greene scores Donald White to third Runner from 3rd tries for Home, SAFE, no throw by RF
|
Batting: LHB James Moya
|
0-0: Ball 1-0: Fly out, F7 (Flyball, 7D, EV 85.6 MPH)
|
Top of the 6th over - 4 runs, 4 hits, 0 errors, 1 left on base; Ellesmere Island 4 - Montgomery 3 |
BOTTOM OF THE 6TH |
Montgomery Biscuits batting - Pitching for Ellesmere Island Snowpeople : RHP Edgardo Moncivas
|
Batting: RHB Ming-an Yin
|
0-0: Ball 1-0: SOLO HOME RUN (Line Drive, 9D, EV 97.5 MPH), Distance : 379 ft
|
Batting: LHB Pedro Delava
|
0-0: Ball 1-0: Called Strike 1-1: Called Strike 1-2: Ball 2-2: Ball 3-2: Foul Ball, location: 2F 3-2: Strikes out swinging
|
Batting: RHB Chad Holland
|
0-0: Called Strike 0-1: Fly out, F4 (Popup, 13S, EV 82.5 MPH)
|
Batting: RHB Michael Hawk
|
0-0: Ball 1-0: DOUBLE (Flyball, 9LD, EV 93.1 MPH)
|
Batting: RHB Albert Monday
|
0-0: Foul Ball, location: 2F 0-1: Ball 1-1: Ball 2-1: Ball 3-1: Foul Ball, location: 2F 3-2: Strikes out looking
|
Bottom of the 6th over - 1 run, 2 hits, 0 errors, 1 left on base; Ellesmere Island 4 - Montgomery 4 |
TOP OF THE 7TH |
Ellesmere Island Snowpeople batting - Pitching for Montgomery Biscuits : RHP George Atwater
|
Batting: RHB Ron Jackson
|
0-0: Ball 1-0: Ball 2-0: Ball 3-0: Called Strike 3-1: Ground out 5-3 (Groundball, 5L, EV 108.8 MPH)
|
Batting: RHB Frank Steeneveld
|
0-0: Called Strike 0-1: Ball 1-1: Ball 2-1: SINGLE (Groundball, 6D, EV 100.0 MPH)
|
Batting: RHB Ramón Rodríguez
|
0-0: Called Strike 0-1: Ball 1-1: Ball 2-1: Ball 3-1: Foul Ball, location: 2F 3-2: SINGLE (Flyball, 89S, EV 100.0 MPH) Frank Steeneveld to second
|
Pitching: LHP Nicolas Cernin
|
|
Batting: RHB Howard Moore
|
0-0: Ball 1-0: Called Strike 1-1: Ball 2-1: Called Strike 2-2: Foul Ball, location: 2F 2-2: Grounds into double play, 5-4-3 (Groundball, 5S, EV 86.2 MPH)
|
Top of the 7th over - 0 runs, 2 hits, 0 errors, 1 left on base; Ellesmere Island 4 - Montgomery 4 |
BOTTOM OF THE 7TH |
Montgomery Biscuits batting - Pitching for Ellesmere Island Snowpeople : RHP Edgardo Moncivas
|
Batting: RHB José Labandeira
|
0-0: Called Strike 0-1: Fly out, F7 (Flyball, 7S, EV 95.0 MPH)
|
Pitching: RHP Danny Antonio
|
|
Batting: RHB Chiel Spronck
|
0-0: Called Strike 0-1: Ball 1-1: Foul Ball, location: 2F 1-2: Ball 2-2: Strikes out swinging
|
Batting: RHB Bob Clark
|
0-0: Ball 1-0: Called Strike 1-1: Ball 2-1: Foul Ball, location: 2F 2-2: Strikes out looking
|
Bottom of the 7th over - 0 runs, 0 hits, 0 errors, 0 left on base; Ellesmere Island 4 - Montgomery 4 |
TOP OF THE 8TH |
Ellesmere Island Snowpeople batting - Pitching for Montgomery Biscuits : LHP Nicolas Cernin
|
Batting: RHB Red Greene
|
0-0: Swinging Strike 0-1: SINGLE (Line Drive, 89S, EV 103.8 MPH)
|
Batting: SHB Clive Edney
|
0-0: Ball 1-0: Bunted foul 1-1: Sac Bunt to 5S - play at first, batter OUT! 5-4 Red Greene to second
|
Batting: RHB Donald White
|
0-0: Ball 1-0: Swinging Strike 1-1: Called Strike 1-2: Foul Ball, location: 2F 1-2: Strikes out swinging
|
Batting: RHB Ramón Rodríguez
|
0-0: Intentional Walk
|
Batting: LHB James Moya
|
0-0: Ball 1-0: Ground out 4-3 (Groundball, 4, EV 103.8 MPH)
|
Top of the 8th over - 0 runs, 1 hit, 0 errors, 2 left on base; Ellesmere Island 4 - Montgomery 4 |
BOTTOM OF THE 8TH |
Montgomery Biscuits batting - Pitching for Ellesmere Island Snowpeople : RHP Danny Antonio
|
Batting: LHB Juan Martínez
|
0-0: Ball 1-0: Ball 2-0: Foul Ball, location: 2F 2-1: Foul Ball, location: 2F 2-2: Foul Ball, location: 2F 2-2: Ground out U3 (Groundball, 3S, EV 68.1 MPH)
|
Batting: RHB Ming-an Yin
|
0-0: Ball 1-0: Swinging Strike 1-1: Swinging Strike 1-2: Ball 2-2: Strikes out swinging
|
Batting: LHB Pedro Delava
|
0-0: Called Strike 0-1: Ball 1-1: Foul Ball, location: 2F 1-2: Foul Ball, location: 2F 1-2: Ball 2-2: Foul Ball, location: 2F 2-2: Ball 3-2: Foul Ball, location: 2F 3-2: Base on Balls
|
Batting: RHB Chad Holland
|
0-0: Called Strike 0-1: Fly out, F7 (Flyball, 7LDF, EV 100.6 MPH)
|
Bottom of the 8th over - 0 runs, 0 hits, 0 errors, 1 left on base; Ellesmere Island 4 - Montgomery 4 |
TOP OF THE 9TH |
Ellesmere Island Snowpeople batting - Pitching for Montgomery Biscuits : LHP Nicolas Cernin
|
Pitching: LHP Jude Twitchen
|
|
Batting: RHB Ron Jackson
|
0-0: Called Strike 0-1: Foul Ball, location: 2F 0-2: Ball 1-2: Strikes out swinging
|
Batting: RHB Frank Steeneveld
|
0-0: Called Strike 0-1: Fly out, F4 (Popup, 34D, EV 51.2 MPH)
|
Batting: RHB Ramón Rodríguez
|
0-0: Called Strike 0-1: Ball 1-1: DOUBLE (Groundball, 5L, EV 107.5 MPH)
|
Batting: RHB Howard Moore
|
0-0: Ball 1-0: Ball 2-0: Fly out, F9 (Flyball, 89M, EV 74.4 MPH)
|
Top of the 9th over - 0 runs, 1 hit, 0 errors, 1 left on base; Ellesmere Island 4 - Montgomery 4 |
BOTTOM OF THE 9TH |
Montgomery Biscuits batting - Pitching for Ellesmere Island Snowpeople : RHP Danny Antonio
|
Pitching: RHP Al Maxwell
|
|
Pinch Hitting: RHB Tadasu Sato
|
0-0: Ball 1-0: Ball 2-0: Foul Ball, location: 2F 2-1: Swinging Strike 2-2: Ball 3-2: Ground out 5-3 (Groundball, 56, EV 103.1 MPH)
|
Pinch Hitting: RHB Soh Sasaki
|
0-0: Ball 1-0: Swinging Strike 1-1: Ball 2-1: Fly out, F8 (Flyball, 8LM, EV 95.0 MPH)
|
Batting: RHB José Labandeira
|
0-0: Called Strike 0-1: Swinging Strike 0-2: Foul Ball, location: 2F 0-2: Strikes out looking
|
Bottom of the 9th over - 0 runs, 0 hits, 0 errors, 0 left on base; Ellesmere Island 4 - Montgomery 4 |
TOP OF THE 10TH |
Ellesmere Island Snowpeople batting - Pitching for Montgomery Biscuits : LHP Jude Twitchen
|
Now at C: Tsing Yo
|
|
Now in CF: Jacob Hall
|
|
Batting: RHB Red Greene
|
0-0: Ball 1-0: SINGLE (Groundball, 56D, EV 98.8 MPH)
|
Pinch Hitting: LHB Robin Tremayne
|
0-0: Ball 1-0: Called Strike 1-1: Swinging Strike 1-2: Ball 2-2: Foul Ball, location: 2F 2-2: Strikes out swinging
|
Batting: RHB Donald White
|
0-0: Called Strike 0-1: Grounds into double play, 5-4-3 (Groundball, 56, EV 82.5 MPH)
|
Top of the 10th over - 0 runs, 1 hit, 0 errors, 0 left on base; Ellesmere Island 4 - Montgomery 4 |
BOTTOM OF THE 10TH |
Montgomery Biscuits batting - Pitching for Ellesmere Island Snowpeople : RHP Al Maxwell
|
Now in LF: Marvin Moore
|
|
Batting: RHB Chiel Spronck
|
0-0: Foul Ball, location: 2F 0-1: Swinging Strike 0-2: Foul Ball, location: 2F 0-2: Ball 1-2: Foul Ball, location: 2F 1-2: Ball 2-2: Fly out, F8 (Flyball, 89D, EV 79.4 MPH)
|
Batting: RHB Bob Clark
|
0-0: Called Strike 0-1: Ball 1-1: Ball 2-1: Called Strike 2-2: Ground out 6-3 (Groundball, 6, EV 84.4 MPH)
|
Batting: LHB Juan Martínez
|
0-0: Called Strike 0-1: Ball 1-1: Ball 2-1: Ball 3-1: Base on Balls
|
Batting: RHB Ming-an Yin
|
0-0: DOUBLE (Line Drive, 89D, EV 108.8 MPH) Juan Martínez to third Runner from 3rd tries for Home, SAFE, no throw by CF
|
 |
Friday, March 26th, 2021 - OOTP Baseball 20.8 Build 74
|
|